 Dungeon Crawl Stone Soup version 0.20-a0-187-ge5586d949a (webtiles) character file.

323 patrickswayze the Covert (level 6, -1/35 (36) HPs)
             Began as a Deep Elf Chaos Knight on Nov 24, 2016.
             Slain by a spatial vortex (23 damage)
             ... summoned by the capriciousness of Xom
             ... on level 4 of the Dungeon.
             The game lasted 00:03:48 (3068 turns).

patrickswayze the Covert (Deep Elf Chaos Knight)    Turns: 3068, Time: 00:03:48

HP:   -1/35 (36)    AC:  6    Str:  9    XL:     6   Next: 23%
MP:   8/8           EV: 12    Int: 17    God:    Xom [..*...]
Gold: 142           SH:  0    Dex: 16    Spells: 5/5 levels left

rFire  . . .     SeeInvis .     a - +0 short sword (chaos)
rCold  . . .     Gourm    .     b - +2 leather armour
rNeg   . . .     Faith    .     (no shield)
rPois  .         Spirit   .     (no helmet)
rElec  .         Reflect  .     n - +0 cloak (curse)
rCorr  .         Harm     .     (no gloves)
MR     .....                    (no boots)
Stlth  ++++......               (no amulet)
                                (no ring)
                                (no ring)

@: no status effects
A: no striking features
a: Renounce Religion


You were on level 4 of the Dungeon.
You worshipped Xom.
You were a toy of Xom.
You were not hungry.

You visited 1 branch of the dungeon, and saw 4 of its levels.

You collected 142 gold pieces.


   Skills:
 - Level 2.4 Fighting
 + Level 3.3 Short Blades
 - Level 0.7 Armour
 - Level 2.4 Dodging
 - Level 8.0 Stealth


You had 5 spell levels left.
You didn't know any spells.

Inventory:

Hand Weapons
 a - a +0 short sword of chaos (weapon)
Missiles
 m - 133 stones (quivered)
Armour
 b - a +2 leather armour (worn)
 n - a cursed +0 cloak (worn)
Jewellery
 l - a cursed -5 ring of dexterity {unknown}
Wands
 o - a wand of polymorph (18/24)
 r - a wand of polymorph (9/24)
Scrolls
 f - a scroll of enchant weapon {unknown}
 g - a scroll of identify {unknown}
 h - 3 scrolls of magic mapping {unknown}
 p - 2 scrolls of teleportation {unknown}
Potions
 e - 2 potions of flight {unknown}
 i - a potion of might {unknown}
 j - 2 potions of haste {unknown}
 k - a potion of heal wounds {unknown}
 s - a potion of degeneration {unknown}
Comestibles
 c - 3 bread rations
 d - a fruit
 q - 2 meat rations
 t - a chunk of flesh


Message History

The spatial vortex is heavily damaged.
You hit the spatial vortex.
The spatial vortex is heavily damaged.
You hit the spatial vortex.
The spatial vortex is severely damaged.
You hit the spatial vortex.
The spatial vortex seems to slow down.
The spatial vortex is severely damaged.
You hit the spatial vortex. You freeze the spatial vortex.
The spatial vortex is severely damaged.
The spatial vortex is no longer moving slowly.
You barely miss the spatial vortex.
The spatial vortex is severely damaged.
The spatial vortex hits you! Space bends around you.
You barely miss the spatial vortex.
The spatial vortex is severely damaged.
The spatial vortex hits you!!
Ouch! That really hurt!
You die... "It was about time."

#.#..#. .######...#
..#...###.........##
####.........(.....#
..#.....#######...##
#.#..............#######
#...#.<.######.#........
........######.#.#######
######..................
#.....###.#@#######
#.....# #.#v.# #.....#
#.#..# #.........#..#
#.........#..# # ##.#.>#
#.#..# ...#


You could see a spatial vortex.

Vanquished Creatures
  Sigmund (D:2)
  Crazy Yiuf (D:3)
  Jessica (D:3)
  5 adders
  2 oozes (D:2)
  A worm (D:3)
  An orc (D:3)
  A ball python (D:2)
  5 giant cockroaches
  9 hobgoblins
  2 jackals (D:3)
  4 bats
  5 frilled lizards
  12 goblins
  6 kobolds
  8 rats
  A fungus (D:3)
65 creatures vanquished.

Vanquished Creatures (collateral kills)
  A hobgoblin (D:1)
1 creature vanquished.

Vanquished Creatures (others)
  A goblin (D:1)
1 creature vanquished.

Grand Total: 67 creatures vanquished

Notes
Turn   | Place    | Note
-------+----------+-------------------------------------------
     0 | D:1      | patrickswayze the Deep Elf Chaos Knight began the quest for the Orb.
     0 | D:1      | Reached XP level 1. HP: 13/13 MP: 3/3
     4 | D:1      | XOM: divination: detect items
    29 | D:1      | XOM: divination: detect creatures
    31 | D:1      | Reached skill level 1 in Stealth
   167 | D:1      | XOM: harmless Tmut miscast
   426 | D:1      | Reached skill level 2 in Stealth
   658 | D:1      | Reached XP level 2. HP: 18/18 MP: 4/4
   868 | D:1      | Reached skill level 3 in Stealth
   886 | D:1      | XOM: mild Necr miscast
  1139 | D:2      | Reached XP level 3. HP: 19/21 MP: 5/5
  1168 | D:2      | Reached skill level 4 in Stealth
  1541 | D:2      | XOM: divination: detect items
  1574 | D:2      | Reached XP level 4. HP: 26/26 MP: 6/6
  1718 | D:2      | Reached skill level 5 in Stealth
  1742 | D:2      | Noticed Sigmund
  1778 | D:2      | Killed Sigmund
  1778 | D:2      | Reached skill level 7 in Stealth
  1778 | D:2      | Reached XP level 5. HP: 30/30 MP: 7/7
  1967 | D:3      | XOM: divination: magic mapping
  2006 | D:3      | XOM: divination: detect items
  2056 | D:3      | Noticed Jessica
  2073 | D:3      | Killed Jessica
  2113 | D:3      | Reached XP level 6. HP: 13/35 MP: 8/8
  2384 | D:3      | Found a deep blue altar of Sif Muna.
  2398 | D:3      | Found a white marble altar of Elyvilon.
  2461 | D:3      | XOM: harmless Pois miscast
  2600 | D:3      | XOM: smoke on damage
  2691 | D:3      | XOM: divination: detect items
  2714 | D:3      | Reached skill level 8 in Stealth
  2765 | D:3      | Found a stormy altar of Qazlal.
  2844 | D:3      | Found a hazy altar of Hepliaklqana.
  2926 | D:3      | Found a runed door.
  2930 | D:3      | Noticed Crazy Yiuf
  2934 | D:3      | Killed Crazy Yiuf
  3007 | D:4      | XOM: noise
  3012 | D:4      | XOM: mild Hex miscast
  3054 | D:4      | XOM: mild Tloc miscast
  3055 | D:4      | Noticed a spatial vortex
  3068 | D:4      | Slain by a spatial vortex

Vault maps used:
D:1:      shiori_arrival_oz
D:2:      uniq_sigmund
D:3:      nicolae_overflow_quartered_altars, st_stairs_1,
          uniq_crazy_yiuf_cottage, uniq_jessica
D:4:      minmay_opposing_rooms, serial_undead, serial_undead_c,
          serial_undead_e, serial_undead_c, serial_undead_e, serial_undead_f,
          serial_undead_c, first_bread

Action                   |  1- 3 |  4- 6 || total
-------------------------+-------+-------++-------
Melee: Short sword       |    93 |   126 ||   219
  Use: Scroll            |       |     4 ||     4
 Stab: Sleeping          |     7 |     7 ||    14
       Paralysed         |     1 |       ||     1
       Distracted        |       |     1 ||     1
  Eat: Chunk             |     2 |     5 ||     7
Armor: Leather armour    |    30 |    30 ||    60
Dodge: Dodged            |    48 |    62 ||   110
